AoeStats
← fat_dgk

Black Forest

507757616Analyzed
4v4 RM · 14d ago on Sep 19, 2026· 48m 15s· 8 players
Game mode
Random Map
Map size
Large (8 player)
Population
200
Speed
Normal
Resources
Standard
Victory
Conquest
Starting age
Dark Age
Ending age
Imperial Age
RankedLock teamsTeams togetherTeam positionsShared explorationLock speedFull tech treeHidden civsTurbo modeCheats
Victory
Defeat
🇩🇪 Bohemians · Germany
1271
+14
🇹🇷 Turks · Türkiye
1231
+16
🇸🇪 Italians · Sweden
1180
+17
🇩🇪 Persians · Germany
1178
+18
🇲🇦 Wu · Morocco
1245
-17
🇨🇱 Dravidians · Chile
1224
-16
🇹🇷 Persians · Türkiye
1220
-16
🇦🇷 Ethiopians · Argentina
1208
-16
touch grass
6:36 Loom
11:01 Feudal Age
15:53 Castle Age
13:54 Double-Bit Axe
14:33 Horse Collar
24:18 Bow Saw
25:32 Wheelbarrow
25:49 Scale Mail Armor
26:57 Chain Mail Armor
28:48 Hand Cart
29:10 Stone Mining
29:11 Gold Mining
29:35 Forging
32:26 Imperial Age
31:54 Iron Casting
31:36 Squires
31:21 Arson
32:00 Heavy Plow
31:50 Town Watch
33:37 Gold Shaft Mining
33:39 Plate Mail Armor
34:09 Blast Furnace
33:49 Conscription
34:19 Scale Barding Armor
34:28 Guilds
34:39 Pikeman
35:48 Halberdier
36:57 Sitting Tiger
39:20 Chain Barding Armor
38:51 Fletching
40:04 Heavy Hei Guang Cavalry
40:55 Bloodlines
40:46 Husbandry
41:41 Plate Barding Armor
fat_dgk
7:24 Loom
9:46 Feudal Age
10:19 Double-Bit Axe
20:36 Castle Age
19:44 Fishing Lines
22:35 Bow Saw
24:40 Wheelbarrow
28:15 Imperial Age
25:52 Fletching
25:23 Crossbowman
26:52 Thumb Ring
26:44 Bodkin Arrow
26:37 Pikeman
27:18 Squires
27:05 Gambesons
28:23 Ballistics
27:59 Gold Mining
29:07 Bracer
30:11 Chemistry
28:48 Halberdier
29:30 Scale Mail Armor
29:41 Forging
29:32 Arbalester
33:10 Padded Archer Armor
33:26 Chain Mail Armor
32:59 Elite Elephant Archer
36:18 Plate Mail Armor
36:24 Iron Casting
36:26 Caravan
37:49 Wootz Steel
37:50 Conscription
37:40 Elite Skirmisher
39:36 Leather Archer Armor
41:51 Ring Archer Armor
42:22 Blast Furnace
44:21 Gillnets
44:50 Masonry
deiperr
2:02 Loom
11:24 Feudal Age
16:02 Castle Age
14:20 Double-Bit Axe
14:45 Horse Collar
18:12 Bow Saw
21:29 Wheelbarrow
22:30 Heavy Plow
23:01 Crossbowman
24:54 Hand Cart
24:25 Town Watch
25:27 Thumb Ring
25:22 Fletching
25:47 Gold Mining
26:02 Padded Archer Armor
27:10 Bodkin Arrow
27:32 Leather Archer Armor
27:27 Town Patrol
28:09 Gold Shaft Mining
27:33 Stone Mining
29:08 Stone Shaft Mining
31:54 Imperial Age
30:05 Scale Barding Armor
30:11 Forging
31:37 Ballistics
31:30 Masonry
31:35 Fortified Wall
33:34 Chemistry
32:51 Fortified Wall
32:48 Siege Engineers
32:46 Bracer
33:18 Ring Archer Armor
32:10 Arbalester
34:00 Conscription
34:19 Chain Barding Armor
34:34 Iron Casting
36:53 Two-Man Saw
35:56 Light Cavalry
36:37 Husbandry
37:20 Torsion Engines
37:22 Hussar
41:26 Blast Furnace
40:54 Elite Skirmisher
sweetyboy
0:41 Loom
16:42 Feudal Age
22:43 Castle Age
22:10 Double-Bit Axe
29:47 Horse Collar
29:53 Double-Bit Axe
33:06 Wheelbarrow
33:42 Heavy Plow
33:53 Bow Saw
35:13 Forging
35:10 Scale Barding Armor
35:24 Hand Cart
40:27 Imperial Age
38:42 Bloodlines
38:32 Husbandry
39:32 Iron Casting
39:18 Chain Barding Armor
40:10 Cavalier
41:25 Crop Rotation
41:57 Two-Man Saw
41:58 Blast Furnace
41:25 Conscription
41:44 Hoardings
41:27 Light Cavalry
42:57 Plate Barding Armor
41:57 Savar
42:20 Hussar
43:40 Plate Barding Armor
Jesus_was_black
0:31 Loom
12:02 Feudal Age
17:00 Castle Age
18:46 Horse Collar
22:56 Gold Mining
24:06 Heavy Plow
23:59 Stone Mining
24:27 Double-Bit Axe
27:16 Bow Saw
27:36 Fishing Lines
31:48 Imperial Age
29:22 Fletching
30:43 Wheelbarrow
30:46 Ballistics
31:04 Bodkin Arrow
31:45 Gillnets
32:01 Padded Archer Armor
33:31 Chemistry
32:53 Bracer
33:42 Conscription
33:45 Elite Genoese Crossbowman
34:50 Leather Archer Armor
38:42 Ring Archer Armor
45:17 Caravan
Szorinx
0:44 Loom
16:24 Feudal Age
23:56 Castle Age
22:31 Horse Collar
22:37 Double-Bit Axe
25:19 Wheelbarrow
25:14 Heavy Plow
25:29 Bow Saw
25:15 Town Watch
30:48 Hand Cart
35:18 Imperial Age
35:17 Chemistry
34:28 Fortified Wall
34:30 Masonry
34:41 Wagenburg Tactics
34:53 Forging
34:43 Scale Mail Armor
34:36 Fletching
35:09 Ballistics
35:45 Town Patrol
36:24 Iron Casting
35:10 Pikeman
35:50 Squires
36:48 Houfnice
39:01 Two-Man Saw
38:06 Caravan
38:16 Guilds
37:53 Halberdier
38:51 Chain Mail Armor
39:36 Blast Furnace
40:00 Blast Furnace
40:52 Siege Engineers
41:17 Architecture
43:43 Plate Mail Armor
44:02 Conscription
43:06 Elite Hussite Wagon
46:16 Padded Archer Armor
46:13 Bodkin Arrow
48:08 Bombard Tower
NotADuck
4:23 Loom
10:53 Feudal Age
14:56 Castle Age
13:07 Double-Bit Axe
17:24 Bow Saw
18:02 Loom
21:18 Horse Collar
24:20 Heavy Plow
24:34 Gold Mining
25:31 Wheelbarrow
25:48 Bloodlines
25:38 Husbandry
26:52 Hand Cart
29:44 Imperial Age
28:10 Gold Shaft Mining
27:53 Stone Mining
29:20 Cavalier
30:08 Scale Barding Armor
30:13 Forging
31:03 Crop Rotation
31:35 Two-Man Saw
31:38 Chemistry
30:37 Town Watch
31:40 Chain Barding Armor
31:44 Masonry
32:09 Savar
33:21 Coinage
34:32 Plate Barding Armor
35:50 Iron Casting
37:08 Light Cavalry
39:18 Hussar
40:47 Hoardings
40:51 Caravan
45:50 Blast Furnace
45:21 Architecture
45:12 Ballistics
44:48 Murder Holes
45:22 Citadels
45:14 Kamandaran
Nghtly
0:29 Loom
14:37 Feudal Age
15:10 Horse Collar
19:31 Castle Age
17:46 Double-Bit Axe
25:25 Stone Mining
27:30 Wheelbarrow
26:40 Town Watch
31:12 Imperial Age
29:05 Bow Saw
28:52 Gold Mining
30:00 Hand Cart
29:58 Fortified Wall
30:02 Masonry
30:20 Fletching
30:30 Padded Archer Armor
31:16 Gold Shaft Mining
30:44 Town Patrol
31:19 Ballistics
32:57 Bombard Tower
33:09 Architecture
32:35 Murder Holes
32:22 Treadmill Crane
33:26 Bodkin Arrow
33:26 Guard Tower
33:22 Arrowslits
33:30 Arrowslits
34:06 Artillery
34:28 Conscription
34:50 Bracer
35:05 Leather Archer Armor
35:17 Caravan
37:43 Ring Archer Armor
37:07 Guard Tower
37:08 Heated Shot
38:25 Bloodlines
38:15 Husbandry
38:30 Forging
38:25 Scale Barding Armor
37:43 Elite Janissary
40:26 Two-Man Saw
42:37 Iron Casting
42:22 Chain Barding Armor
42:23 Heavy Camel Rider
44:41 Blast Furnace
48:54 Coinage
Connection lost

Rejoining the realm…

Still unreachable

The connection could not be restored.

Session expired

The server has moved on; the page needs a fresh start.